 Dungeon Crawl Stone Soup version 0.27.1-2-g3b301248ec (webtiles) character file.

Game seed: 2031889667802950044

207225 nxtlvl the Severer (level 18, 0/171 HPs)
             Began as a Hill Orc Monk on Sept 25, 2021.
             Was a Believer of Uskayaw.
             Slain by a sphinx (6 damage)
             ... while paralysed by a sphinx
             ... on level 2 of the Vaults.
             The game lasted 03:01:25 (14414 turns).

nxtlvl the Severer (Hill Orc Monk)                 Turns: 14414, Time: 03:01:26

Health: 0/171      AC: 19    Str: 17    XL:     18   Next: 74%
Magic:  24/31      EV:  2    Int: 10    God:    Uskayaw [**....]
Gold:   4117       SH:  0    Dex: 21    Spells: 17/17 levels left

rFire    + . .     SeeInvis .   a - +6 battleaxe (elec)
rCold    + . .     Faith    +   (shield currently unavailable)
rNeg     . . .     Spirit   .   c - +1 chain mail of Broken Taboos {Regen+ Slay+3}
rPois    .         Reflect  .   m - +2 hat
rElec    .         Harm     .   d - scarf {rC+ rF+}
rCorr    .         Rampage  .   e - +2 pair of gloves {Dex+3}
Will     +....                  (no boots)
Stlth    ..........             z - amulet of faith
HPRegen  1.38/turn              p - +4 ring of slaying
MPRegen  0.22/turn              P - +4 ring of evasion

@: paralysed, mighty, slowed, studying Polearms
A: no striking features
}: 1/15 runes: decaying
a: Renounce Religion, Stomp, Line Pass


You were on level 2 of the Vaults.
You worshipped Uskayaw.
Uskayaw was most pleased with you.
You visited 6 branches of the dungeon, and saw 32 of its levels.
You visited the Abyss 1 time.
You also visited: Sewer.

You collected 5107 gold pieces.
You spent 990 gold pieces at shops.

Inventory:

Hand Weapons
 a - a +6 battleaxe of electrocution (weapon)
 b - a +2 longbow of freezing
 B - a +2 longbow of flaming
Missiles
 v - 812 arrows
 H - 2 curare-tipped darts (quivered)
Armour
 c - the +1 chain mail of Broken Taboos (worn) {Regen+ Slay+3}
   (You bought it in a shop on level 6 of the Dungeon)

   Slay:      It affects your accuracy & damage with ranged weapons and melee
   (+3).
   Regen:     It increases your rate of health regeneration.
 d - a scarf of resistance (worn)
 e - a +2 pair of gloves of dexterity (worn)
 m - a +2 hat (worn)
 D - a scarf of repulsion
Jewellery
 k - a ring of see invisible
 l - a ring of protection from cold
 o - a ring of resist corrosion
 p - a +4 ring of slaying (left hand)
 z - an amulet of faith (around neck)
 L - a ring of protection from fire
 O - the ring of a Billion Smoking Mice {rPois rC- Int+3 Dex+2 Stlth+}
   (You found it on level 3 of the Lair of Beasts)

   [ring of poison resistance]

   Int:       It affects your intelligence (+3).
   Dex:       It affects your dexterity (+2).
   rC:        It makes you vulnerable to cold.
   rPois:     It protects you from poison.
   Stlth:     It makes you more stealthy.
 P - a +4 ring of evasion (right hand)
Wands
 h - a wand of digging (7)
 M - a wand of iceblast (26)
 Q - a wand of flame (28)
 W - a wand of acid (21)
 X - a wand of charming (21)
 Z - a wand of paralysis (29)
Scrolls
 g - 3 scrolls of enchant armour
 i - 2 scrolls of torment
 n - 2 scrolls of vulnerability
 u - a scroll of teleportation
 x - 4 scrolls of fear
 y - 3 scrolls of holy word
 C - 5 scrolls of immolation
 I - 4 scrolls of enchant weapon {unknown}
 J - 4 scrolls of noise {unknown}
 K - 2 scrolls of magic mapping
 R - 5 scrolls of blinking {unknown}
 S - a scroll of silence
 T - 3 scrolls of fog
Potions
 f - 5 potions of flight
 j - 6 potions of attraction
 r - 5 potions of haste
 t - 2 potions of might
 w - 2 potions of resistance
 E - a potion of cancellation
 F - 3 potions of magic
 N - 2 potions of mutation
 V - 2 potions of invisibility
 Y - 8 potions of curing
Miscellaneous
 q - a phantom mirror
 s - a box of beasts
 A - a condenser vane
 G - a lightning rod (4/4)
 U - a phial of floods


   Skills:
 + Level 17.7 Fighting
 - Level 20.0 Axes
 * Level 8.5 Bows
 + Level 14.3 Armour
 * Level 8.3 Dodging
 - Level 1.5 Stealth
 + Level 18.2 Invocations
 + Level 8.3 Evocations


You had 17 spell levels left.
You didn't know any spells.
Your spell library contained the following spells:

 Spells                   Type           Power      Damage    Failure   Level
 Animate Skeleton         Necr           0%         N/A       95%         1
 Apportation              Tloc           0%         N/A       95%         1
 Beastly Appendage        Tmut           0%         N/A       95%         1
 Corona                   Hex            0%         N/A       95%         1
 Foxfire                  Conj/Fire      0%         2x1d4     95%         1
 Pain                     Necr           0%         1d4       95%         1
 Summon Small Mammal      Summ           0%         N/A       95%         1
 Blink                    Tloc           N/A        N/A       99%         2
 Ensorcelled Hibernation  Hex/Ice        0%         N/A       99%         2
 Slow                     Hex            0%         N/A       99%         2
 Sublimation of Blood     Necr           0%         N/A       99%         2
 Wereblood                Tmut           0%         N/A       99%         2
 Call Canine Familiar     Summ           0%         N/A       100%        3
 Confusing Touch          Hex            0%         N/A       100%        3
 Conjure Flame            Conj/Fire      0%         6-21      100%        3
 Inner Flame              Hex/Fire       0%         N/A       100%        3
 Portal Projectile        Hex/Tloc       0%         N/A       100%        3
 Spider Form              Tmut/Pois      0%         N/A       100%        3
 Tukima's Dance           Hex            0%         N/A       100%        3
 Vampiric Draining        Necr           0%         2d6       100%        3
 Cause Fear               Hex            0%         N/A       100%        4
 Fulminant Prism          Conj/Hex       0%         3d6       100%        4
 Iskenderun's Mystic Bla  Conj/Tloc      0%         2d3       100%        4
 Leda's Liquefaction      Hex/Erth       0%         N/A       100%        4
 Passage of Golubria      Tloc           N/A        N/A       100%        4
 Petrify                  Tmut/Erth      0%         N/A       100%        4
 Irradiate                Conj/Tmut      0%         3d14      100%        5
 Lee's Rapid Deconstruct  Erth           0%         3d5*      100%        5
 Manifold Assault         Tloc           0%         N/A       100%        5
 Metabolic Englaciation   Hex/Ice        0%         N/A       100%        5
 Yara's Violent Unravell  Hex/Tmut       0%         3d3       100%        5
 Statue Form              Tmut/Erth      0%         N/A       100%        6
 Dragon Form              Tmut           0%         N/A       100%        7
 Storm Form               Tmut/Air       0%         N/A       100%        7
 Dragon's Call            Summ           0%         N/A       100%        9


Dungeon Overview and Level Annotations

Branches:
Dungeon (15/15)            Temple (0/1) D:7            Lair (6/6) D:11
  Swamp (4/4) Lair:3       Spider (0/4) Lair:2          Orc (2/2) D:10
    Elf (3/3) Orc:2        Vaults (2/5) D:13          Sewer (visited)
  Slime: Lair:5-6     Crypt: Vaults:2-3  Depths: D:15

Altars:
Ashenzari
Dithmenos
Hepliaklqana
Kikubaaqudgha
Makhleb
Okawaru
Ru
Sif Muna
Uskayaw
Vehumet
Wu Jian
Xom
The Shining One
Beogh

Shops:
D:6 [   Orc:2 (!:[   Elf:1 (   Elf:3 :=:

Portals:
Hell: Lair:6

Annotations:
D:3 2 transporters, Eryximachus's ghost, amateur OgTm
D:5 Edmund
D:8 Pikel
D:11 2 runed translucent doors, jimbles's ghost, journeyman SpDe
D:14 Louise


Message History

* * * LOW HITPOINT WARNING * * *
Okay, then.
Okay, then.
Aiming: Grand Finale
Press: ? - help, Shift-Dir - straight line, f - vault warden
Aim: a vault warden, wielding a +0 dire flail, wearing a +0 plate armour and quivering bolts (lightly wounded, strong, sheltered from injuries, sharing its pain)
Aiming: Grand Finale
Press: ? - help, Shift-Dir - straight line, f - vault warden
Aim: a vault warden, wielding a +0 dire flail, wearing a +0 plate armour and quivering bolts (lightly wounded, strong, sheltered from injuries, sharing its pain)
The vault warden explodes violently!
The ironbound convoker is hit by a flying piece of the vault warden!
You blow up the vault warden!
The runic seals fade away.
The sphinx hits you but does no damage. x2
The sphinx closely misses you. The ironbound thunderhulk misses you.
The yaktaur captain misses you.
Unknown command.
Unknown command.
Okay, then.
You slice the ironbound thunderhulk!!
You kill the ironbound convoker!
You kill the yaktaur captain!
You kill the ironbound convoker!
The ironbound thunderhulk is severely wounded.
You slice the sphinx!!
You kill the yaktaur captain!
Lightning courses through the sphinx!
The sphinx mumbles some strange words.
You suddenly lose the ability to move!
The ironbound thunderhulk hits you but does no damage.
You can now pass through a line of other dancers.
The sphinx hits you.
* * * LOW HITPOINT WARNING * * *
The sphinx hits you but does no damage. x2
The ironbound thunderhulk completely misses you.
The sphinx mumbles some strange words.
You feel yourself slow down.
The ironbound thunderhulk barely misses you.
The sphinx hits you.
* * * LOW HITPOINT WARNING * * *
The sphinx hits you.
You die...

#.....[.....#
#...........#
#####...#####
#...##+##...#
#...........#
#...........#
#.....[.....#
#####)#######
#..))@H#
#...)O.#
#......#
#......#
#......#
###++###


You could see a sphinx (pain bonded) and an ironbound thunderhulk (pain bonded).

Vanquished Creatures
  A tentacled monstrosity (Swamp:4)
  2 deep elf blademasters (Elf:3)
  2 deep elf master archers (Elf:3)
  3 thorn hunters
  2 vault wardens (Vaults:2)
  4 deep elf sorcerers (Elf:3)
  A fenstrider witch (Swamp:4)
  3 deep elf elementalists (Elf:3)
  2 orc warlords
  11 ghouls
  2 ironbound preservers
  A stone giant (Vaults:2)
  5 deep elf demonologists
  Nessos (D:14)
  A dire elephant (Lair:6)
  4 bunyips
  A dire elephant (shapeshifter) (Vaults:2)
  5 deep elf annihilators (Elf:3)
  The ghost of Urokeeper the Blocker, a journeyman DDFi of Wu Jian (Lair:2)
  3 eleionomae
  9 deep elf death magi (Elf:3)
  2 deep elf high priests (Elf:3)
  2 shambling mangroves (Swamp:4)
  2 yaktaur captains (Vaults:2)
  5 ghost crabs
  Harold (D:11)
  17 hydras
  2 ironbound frosthearts (Vaults:2)
  A boulder beetle (D:14)
  3 ogre magi (Orc:2)
  2 catoblepae (Lair:6)
  3 centaur warriors
  6 two-headed ogres
  4 alligators
  A death yak (D:11)
  A tengu warrior (D:13)
  A spriggan berserker (Swamp:4)
  5 dancing weapons
  2 orc high priests
  Nergalle (Lair:2)
  The ghost of nxtlvl the Cleaver, a novice DrBe of Trog (D:8)
  4 spriggans
  7 deep elf knights
  A fire crab (Lair:6)
  A sixfirhy (Lair:6)
  2 goliath frogs
  An obsidian statue (Lair:3)
  A deep troll (Vaults:2)
  6 deep elf archers
  9 bog bodies
  7 spriggan druids
  3 ironbound convokers (Vaults:2)
  9 swamp dragons
  6 harpies
  4 wizards
  10 deep elf pyromancers
  12 orc sorcerers
  6 deep elf zephyrmancers
  A will-o-the-wisp (Swamp:1)
  5 manticores
  3 cyclopes
  9 ugly things
  A salamander (shapeshifter) (D:13)
  4 elephants
  2 vault sentinels (Vaults:2)
  3 black mambas
  An orange demon (Lair:6)
  7 cane toads
  6 gargoyles
  Maggie (Lair:2)
  4 rime drakes
  3 yaktaurs
  A hellwing (Lair:6)
  2 ice devils
  15 komodo dragons
  Psyche (D:11)
  3 red devils (Lair:6)
  7 trolls
  5 polar bears
  A bloated husk (Swamp:3)
  A jumping spider (shapeshifter) (D:14)
  A queen bee (shapeshifter) (Elf:2)
  3 tyrant leeches
  Prince Ribbit (D:9)
  15 blink frogs
  A polar bear (shapeshifter) (Elf:1)
  11 slime creatures
  7 hornets
  A dream sheep (Lair:6)
  A meliai zombie (D:11)
  3 air elementals
  A vampire (D:6)
  3 water elementals (Elf:3)
  A shadow (D:12)
  5 wyverns
  4 basilisks
  A human (shapeshifter) (Elf:1)
  5 fire elementals
  5 steam dragons
  28 yaks
  12 vampire mosquitoes
  10 swamp worms
  4 wargs
  5 hell hounds (Lair:6)
  10 water moccasins
  3 swamp drakes (Swamp:4)
  28 orc warriors
  A black bear (shapeshifter) (Elf:1)
  2 black bears
  An ice beast (D:6)
  3 sky beasts
  11 ogres
  8 necrophages
  19 wolves
  14 centaurs
  A phantom (D:6)
  6 kobold brigands
  8 bullfrogs
  A gnoll sergeant (D:7)
  4 scorpions
  4 earth elementals
  A water moccasin zombie (D:6)
  9 wights
  3 howler monkeys
  4 electric eels
  5 hounds
  A bullfrog zombie (D:6)
  6 centaur zombies
  3 jellies
  2 bullfrog skeletons
  20 orc priests
  An iguana (D:6)
  42 orc wizards
  A hound skeleton (D:4)
  A howler monkey zombie (D:9)
  8 gnolls
  7 adders
  5 worms
  3 dart slugs
  80 orcs
  4 ball pythons
  6 endoplasms
  4 giant cockroaches
  6 goblins
  5 hobgoblins
  34 kobolds
  3 quokkas
  3 bats
  4 frilled lizards
  2 rats
  A bush (Elf:3)
827 creatures vanquished.

Vanquished Creatures (collateral kills)
  A hydra (Swamp:1)
  A tyrant leech (Swamp:1)
  A spriggan (Swamp:1)
  4 swamp worms
7 creatures vanquished.

Vanquished Creatures (others)
  Jorgrun (Orc:1)
  A deep elf pyromancer (Elf:1)
  2 bloated husks
  A centaur simulacrum (D:11)
  A swamp drake (Swamp:3)
  An orc warrior (Orc:1)
  2 orcs (Orc:1)
  2 kobolds (D:11)
  6 foxfires (Swamp:1)
  24 fungi
  20 plants
61 creatures vanquished.

Grand Total: 895 creatures vanquished

Notes
Turn   | Place    | Note
-------+----------+-------------------------------------------
     0 | D:1      | nxtlvl the Hill Orc Monk began the quest for the Orb.
     0 | D:1      | Reached XP level 1. HP: 19/19 MP: 1/1
    76 | D:1      | Reached XP level 2. HP: 4/26 MP: 2/2
    99 | D:1      | HP: 1/26 [quokka (2)]
   171 | D:1      | Reached skill level 5 in Axes
   380 | D:2      | Reached XP level 3. HP: 23/31 MP: 3/3
   712 | D:3      | Noticed a centaur
   721 | D:3      | Killed a centaur
   722 | D:3      | Reached skill level 7 in Axes
   722 | D:3      | Reached XP level 4. HP: 18/39 MP: 4/4
   722 | D:3      | Reached XP level 5. HP: 21/45 MP: 5/5
   815 | D:3      | Found a transporter.
   826 | D:3      | Found a transporter.
   827 | D:3      | Noticed Eryximachus's ghost (amateur OgTm)
   923 | D:3      | Found a sacrificial altar of Ru.
  1173 | D:4      | Found a hide-covered altar of Uskayaw.
  1178 | D:4      | Became a worshipper of Uskayaw the Reveller
  1178 | D:4      | Reached * piety under Uskayaw
  1229 | D:4      | Found an ornate altar of the Wu Jian Council.
  1307 | D:4      | Identified the +3 mace "Inleduap" {vorpal, Str+4 Dex+2}
  1314 | D:4      | Reached ** piety under Uskayaw
  1315 | D:4      | Reached skill level 8 in Axes
  1351 | D:4      | Reached XP level 6. HP: 28/53 MP: 6/6
  1528 | D:5      | Entered Level 5 of the Dungeon
  1609 | D:5      | Reached skill level 5 in Fighting
  1609 | D:5      | Reached skill level 9 in Axes
  1705 | D:4      | Reached XP level 7. HP: 47/61 MP: 7/7
  1810 | D:5      | Noticed Edmund
  1900 | D:6      | Found a glowing drain.
  1937 | D:6      | Reached *** piety under Uskayaw
  1941 | D:6      | Reached **** piety under Uskayaw
  1970 | Sewer    | Entered a sewer
  2062 | Sewer    | Reached skill level 10 in Axes
  2356 | D:7      | Noticed a wyvern
  2382 | D:6      | Reached skill level 1 in Invocations
  2382 | D:6      | Reached XP level 8. HP: 70/70 MP: 7/9
  2475 | D:6      | Found Hurchuttib's Antique Armour Shoppe.
  2523 | D:6      | Reached skill level 11 in Axes
  2594 | D:6      | Reached ***** piety under Uskayaw
  2632 | D:6      | Bought a dazzling chain mail for 285 gold pieces
  2632 | D:6      | Identified the +1 chain mail of Broken Taboos {Regen+
                  | Slay+3} (You bought it in a shop on level 6 of the Dungeon)
  2689 | D:6      | Reached skill level 12 in Axes
  2689 | D:6      | Reached XP level 9. HP: 78/79 MP: 12/12
  2752 | D:6      | Reached skill level 5 in Invocations
  2951 | D:7      | Reached skill level 13 in Axes
  2983 | D:7      | Found a staircase to the Ecumenical Temple.
  3074 | D:7      | Noticed a two-headed ogre
  3094 | D:7      | Killed a two-headed ogre
  3095 | D:7      | Reached XP level 10. HP: 24/90 MP: 13/15
  3167 | D:7      | Reached skill level 14 in Axes
  3382 | D:8      | Found a hazy altar of Hepliaklqana.
  3386 | D:8      | Found an ancient bone altar of Kikubaaqudgha.
  3387 | D:8      | Found a shadowy altar of Dithmenos.
  3387 | D:8      | Found a shimmering altar of Xom.
  3418 | D:8      | Found an iron altar of Okawaru.
  3459 | D:8      | Found a large runed translucent door.
  3460 | D:8      | Found a large runed translucent door.
  3461 | D:8      | Noticed nxtlvl's ghost (novice DrBe)
  3631 | D:8      | Noticed Pikel
  3631 | D:8      | Noticed a gargoyle
  3631 | D:8      | Noticed a gargoyle
  3654 | D:8      | Noticed a gargoyle
  3654 | D:8      | Noticed a gargoyle
  3658 | D:8      | Noticed a gargoyle
  3663 | D:8      | Killed a gargoyle
  3667 | D:8      | Killed a gargoyle
  3678 | D:8      | Killed a gargoyle
  3719 | D:8      | HP: 4/93 [ice devil (22)]
  3742 | D:8      | Reached skill level 10 in Fighting
  3742 | D:8      | Reached skill level 15 in Axes
  3789 | D:8      | Noticed a deep elf pyromancer
  3830 | D:8      | Killed a gargoyle
  3830 | D:8      | Killed a gargoyle
  3831 | D:8      | Reached skill level 1 in Armour
  3975 | D:8      | Reached XP level 11. HP: 100/100 MP: 17/17
  4120 | D:9      | Noticed Prince Ribbit
  4123 | D:9      | Killed Prince Ribbit
  4192 | D:10     | Entered Level 10 of the Dungeon
  4493 | D:10     | Found a broken altar of Ashenzari.
  4607 | D:10     | Found a roughly hewn altar of Beogh.
  4607 | D:10     | Found a staircase to the Orcish Mines.
  4651 | D:10     | Reached skill level 16 in Axes
  4683 | D:11     | Found a runed translucent door.
  4684 | D:11     | Noticed a cyclops
  4687 | D:11     | Noticed a necromancer
  4687 | D:11     | Noticed a deep troll earth mage
  4687 | D:11     | Noticed a lich
  4689 | D:11     | Found a runed translucent door.
  4689 | D:11     | Noticed a skeletal warrior
  4690 | D:11     | Noticed a glowing orange brain
  4690 | D:11     | a water nymph changed into a glowing orange brain
  4690 | D:11     | Noticed jimbles's ghost (journeyman SpDe)
  4708 | D:11     | Killed a cyclops
  4717 | D:11     | Noticed Harold
  4730 | D:11     | Killed Harold
  4757 | D:11     | Reached skill level 10 in Invocations
  4764 | D:11     | Noticed Psyche
  4775 | D:11     | Paralysed by Psyche for 7 turns
  4783 | D:11     | Killed Psyche
  4818 | D:11     | Noticed a two-headed ogre
  4925 | D:11     | Found a staircase to the Lair.
  4925 | D:11     | Noticed a death yak
  4938 | D:11     | Killed a death yak
  4942 | D:11     | Reached skill level 5 in Armour
  4946 | D:11     | Reached XP level 12. HP: 110/110 MP: 19/19
  4968 | D:11     | Reached ****** piety under Uskayaw
  4969 | D:11     | Killed a two-headed ogre
  4970 | D:11     | Reached skill level 17 in Axes
  5048 | Lair:1   | Entered Level 1 of the Lair of Beasts
  5100 | Lair:1   | Identified the +4 ring mail of a Gauntlet {Dex+2}
  5436 | Lair:2   | Noticed Nergalle
  5437 | Lair:2   | Found a runed translucent door.
  5438 | Lair:2   | Found a shimmering altar of Xom.
  5438 | Lair:2   | Noticed Urokeeper's ghost (journeyman DDFi)
  5443 | Lair:2   | Killed Nergalle
  5472 | Lair:2   | Noticed Maggie
  5491 | Lair:2   | Killed Maggie
  5510 | Lair:2   | Found a hole to the Spider Nest.
  5816 | Lair:3   | Reached skill level 18 in Axes
  5859 | Lair:3   | Found a staircase to the Swamp.
  5946 | Lair:3   | Noticed a seven-headed hydra
  6027 | Lair:4   | Reached XP level 13. HP: 104/119 MP: 16/22
  6241 | Lair:6   | Entered Level 6 of the Lair of Beasts
  6695 | Lair:6   | Reached skill level 10 in Armour
  6735 | Lair:6   | Reached XP level 14. HP: 62/132 MP: 9/24
  6861 | Lair:6   | Found a burning altar of Makhleb.
  6990 | Lair:6   | Found a gateway to Hell.
  7079 | Lair:6   | Noticed a dire elephant
  7088 | Lair:6   | Killed a dire elephant
  7643 | D:8      | Killed nxtlvl's ghost
  7752 | Orc:1    | Entered Level 1 of the Orcish Mines
  7788 | Orc:1    | Noticed Jorgrun
  7798 | Orc:1    | Killed Jorgrun
  7799 | Orc:1    | Reached skill level 15 in Invocations
  7799 | Orc:1    | Reached skill level 1 in Evocations
  7873 | Orc:2    | Entered Level 2 of the Orcish Mines
  7883 | Orc:2    | Reached skill level 15 in Fighting
  7903 | Orc:2    | Noticed an orc warlord
  7917 | Orc:2    | Killed an orc warlord
  7947 | Orc:1    | Paralysed by an orc sorcerer for 7 turns
  8072 | Orc:2    | Found Kuumaufi's Antique Armour Boutique.
  8116 | Orc:2    | Found an ancient bone altar of Kikubaaqudgha.
  8159 | Orc:2    | Found a radiant altar of Vehumet.
  8191 | Orc:2    | Found a roughly hewn altar of Beogh.
  8191 | Orc:2    | Found Xobol's Book Boutique.
  8192 | Orc:2    | Found Jueg's Distillery.
  8230 | Orc:2    | Found Lixek's Antique Weapon Shop.
  8253 | Orc:2    | Bought a potion of might for 60 gold pieces
  8253 | Orc:2    | Bought a potion of attraction for 45 gold pieces
  8556 | D:12     | Reached XP level 15. HP: 94/141 MP: 16/26
  8854 | D:13     | Reached skill level 19 in Axes
  8922 | D:13     | Found a gate to the Vaults.
  8956 | D:14     | Noticed Nessos
  8969 | D:14     | Killed Nessos
  9228 | D:14     | Found a glowing golden altar of the Shining One.
  9276 | D:14     | Cast into level 2 of the Abyss (a wizard)
  9323 | D:14     | Escaped the Abyss
  9346 | D:15     | Entered Level 15 of the Dungeon
  9392 | D:14     | Noticed Louise
  9610 | D:12     | Reached skill level 1 in Bows
  9703 | Lair:2   | Killed Urokeeper's ghost
  9704 | Lair:2   | Reached skill level 5 in Evocations
  9807 | Lair:3   | Identified the ring of a Billion Smoking Mice {rPois rC-
                  | Int+3 Dex+2 Stlth+}
  9886 | Swamp:1  | Entered Level 1 of the Swamp
 10061 | Swamp:1  | Noticed a ghoul
 10062 | Swamp:1  | Noticed a ghoul
 10075 | Swamp:1  | Killed a ghoul
 10080 | Swamp:1  | Killed a ghoul
 10088 | Swamp:1  | Noticed a ghoul
 10103 | Swamp:1  | Killed a ghoul
 10104 | Swamp:1  | Reached XP level 16. HP: 90/151 MP: 14/28
 10233 | Swamp:2  | Noticed a thorn hunter
 10247 | Swamp:2  | Killed a thorn hunter
 10248 | Swamp:2  | Reached skill level 20 in Axes
 10731 | Swamp:2  | Noticed a tentacled monstrosity
 10781 | Swamp:4  | Entered Level 4 of the Swamp
 10881 | Swamp:4  | Noticed a thorn hunter
 10888 | Swamp:4  | Killed a thorn hunter
 10928 | Swamp:4  | Noticed a tentacled monstrosity
 11015 | Swamp:4  | Killed a tentacled monstrosity
 11131 | Swamp:4  | Noticed a fenstrider witch
 11138 | Swamp:4  | Killed a fenstrider witch
 11213 | Swamp:4  | Identified the +4 ring mail of the Tundras {rElec Str-4
                  | Int+8 Stlth+}
 11220 | Swamp:4  | Identified the amulet "Ceizor" {Spirit rC+ Dex+2 Stlth+}
 11324 | Swamp:4  | Reached skill level 5 in Bows
 11324 | Swamp:4  | Reached XP level 17. HP: 76/157 MP: 0/29
 11470 | Swamp:4  | Reached skill level 5 in Dodging
 11653 | Swamp:4  | Got a decaying rune of Zot
 11927 | Orc:1    | You fall into a shaft and drop 1 floor!
 11994 | Orc:2    | Found a staircase to the Elven Halls.
 12003 | Elf:1    | Entered Level 1 of the Elven Halls
 12003 | Elf:1    | Found Ivamenux's Antique Weapon Boutique.
 12120 | Elf:1    | Found a shimmering blue altar of Sif Muna.
 12186 | Elf:1    | Found Najeuh's Armour Emporium.
 12328 | Elf:3    | Entered Level 3 of the Elven Halls
 12328 | Elf:3    | Found Irgheivvo's Jewellery Shop.
 12333 | Elf:3    | Bought an amulet of faith for 600 gold pieces
 12564 | Elf:3    | Found Ibienoj's Book Emporium.
 12834 | Elf:3    | Found Jurud's Book Shoppe.
 13122 | Elf:3    | Reached XP level 18. HP: 162/170 MP: 30/30
 13209 | Elf:3    | Noticed an Ice Fiend
 13284 | Elf:3    | Noticed a deep elf master archer
 13315 | Elf:3    | Killed a deep elf master archer
 13342 | Elf:3    | Noticed a deep elf blademaster
 13367 | Elf:3    | Killed a deep elf blademaster
 13488 | Elf:3    | Noticed an Ice Fiend
 13508 | Elf:3    | Noticed a deep elf master archer
 13526 | Elf:3    | Killed a deep elf master archer
 13535 | Elf:3    | Noticed a deep elf blademaster
 13536 | Elf:3    | Identified the +6 short sword "Pacunac" {venom, Str+5 SInv}
 13549 | Elf:3    | Killed a deep elf blademaster
 13680 | Elf:3    | Identified the +1 pair of gloves of Inviolability {Harm
                  | rPois Dex-5 Slay+5}
 13763 | Elf:3    | Identified the +4 broad axe of Pokulax {speed, Drain rF+
                  | Str+2 Dex+6}
 14158 | Vaults:1 | Entered Level 1 of the Vaults
 14238 | Vaults:2 | Identified 3 scrolls of acquirement
 14242 | Vaults:2 | Acquired a +6 battleaxe of electrocution
 14246 | Vaults:2 | Acquired 901 gold pieces
 14248 | Vaults:2 | Acquired a ring of protection from cold
 14409 | Vaults:2 | HP: 7/170 [ironbound convoker (6)]
 14411 | Vaults:2 | Paralysed by a sphinx for 6 turns
 14414 | Vaults:2 | HP: 6/171 [sphinx (3)]
 14414 | Vaults:2 | Slain by a sphinx

Illustrated notes

Levels and vault maps discovered:
D:1:      lemuel_arrival_room, layout_basic, minmay_split_cup_large
D:2:      layout_basic
D:3:      layout_basic, mainiacjoe_overflow_alcove_1, gammafunk_ghost_mausoleum
D:4:      layout_gridville, nzn_wu_jian_contemplation,
          mainiacjoe_overflow_24_doors
D:5:      layout_loops_cross, zin_purify, serial_glass, glass_columns_a,
          glass_columns_a, glass_columns_a, glass_columns_a, glass_columns_c,
          glass_columns_a, uniq_edmund
D:6:      minmay_polygon_palace, layout_loops_cross,
          mainiacjoe_overflow_alcove_4, serial_shops, shop,
          cheibrodos_sewer_entry_sluice, grunt_decor_cap
D:7:      layout_basic, minmay_temple_entry_nine_rooms
D:8:      layout_loops_cross, mainiacjoe_overflow_cross_hatched, minitemple,
          ebering_ghost_disaster_area, hangedman_decor_opposing,
          dilly_guarded_unrand_elemental_staff, uniq_pikel
D:9:      layout_basic, uniq_prince_ribbit1
D:10:     layout_rooms, trog_hazing_becter, evilmike_ruin_ashenzari, david_orc_5
D:11:     layout_cave_pools, david_lair_generic, muffindrake_ghost_dual_entry,
          uniq_psyche, uniq_harold
D:12:     layout_loops_ring, minmay_misc_feat_encased
D:13:     layout_basic, skrybe_vaults_entry_preservation, enter_trove_3
D:14:     layout_cross, nicolae_tso_carved_into_rock, minivault_16, uniq_louise,
          uniq_nessos
D:15:     grunt_enter_depths_hoard, layout_basic, minmay_circle_x, uniq_rupert
Lair:1:   layout_chaotic_city, minmay_hedge_maze, st_stairs_9
Lair:2:   layout_cave_shapes, nicolae_spider_entry_non_spiders,
          ebering_ghost_xom, serial_bayou_shore_a, infiniplex_staircase_pool,
          uniq_nergalle, uniq_maggie
Lair:3:   statuecave_lemuel, layout_gridlike, minmay_swamp_entry_worms
Lair:4:   layout_concentric_octagons, nicolae_quartered_pool_super,
          minivault_19, minmay_holes
Lair:5:   dragon1_lemuel, layout_loops_ring, dpeg_slime_entry_enclosed_altar,
          grunt_megastairs_4, serial_bayou_shore_b, minmay_lair_oklob_chamber
Lair:6:   evil_forest, layout_loops_ring, chequers_serial_rivers_small_b,
          st_stairs_11, nicolae_lair_grove_arrangements, grunt_megastairs_1
Swamp:1:  layout_basic_swamp, nicolae_swamp_long_stream
Swamp:2:  layout_falls_marsh, nicolae_swamp_ascending_descending
Swamp:3:  layout_falls_marsh, evilmike_swamp_ruin_house_2
Swamp:4:  swamp_basic_johnstein, layout_basic_swamp
Orc:1:    layout_diamond_mine, uniq_jorgrun
Orc:2:    kennysheep_orc_mage_school, layout_caves
Elf:1:    layout_rooms, serial_shops, nicolae_lakefront_shop, shop, shop, shop,
          basic_altar, kennysheep_underground_church
Elf:2:    nicolae_elf_blades_crystal_corner, layout_geoelf_octagon
Elf:3:    elf_hall_gauntlet_wide, layout_geoelf_diagonals, serial_shops, shop,
          shop, nicolae_shop_crystal, minmay_misc_feat_pillars,
          nicolae_elf_variegated_diamond
Vaults:1: vaults_mumra_lcd, vaults_room_grunt_arrival_ludios,
          nicolae_vaults_hallways_thing, v_misc_3, hangedman_vaults_capsules,
          vaults_room_hallway, nicolae_vaults_yaktaur_gun_rack,
          vaults_room_hallway, ontoclasm_vaults_loading_screen,
          layout_vaults_quadrants
Vaults:2: nicolae_vaults_network_periphery, v_misc_19, ontoclasm_vaults_gateway,
          st_lines, hangedman_vaults_stream, v_alt_pattern_4,
          dpeg_vaults_monster_box, v_misc_29, hangedman_vaults_trim,
          vaults_dpeg_diagonal, nicolae_vaults_circle_grid_a,
          grunt_vaults_focal, hangedman_vaults_cutoff,
          ontoclasm_vaults_loading_screen, layout_vaults_ring

Skill      XL: |  1  2  3  4  5  6  7  8  9 10 11 12 13 14 15 16 17 18 |
---------------+-------------------------------------------------------+-----
Axes           | 5 7 8 9 10 12 13 15 16 18 19 20 | 20.0
Fighting       | 4 5 6 7 8 10 11 12 14 15 16 17 | 17.7
Invocations    | 1 4 7 9 10 12 14 15 16 17 18 | 18.2
Armour         | 1 5 7 10 11 12 13 14 | 14.3
Evocations     | 3 5 6 7 8 |  8.3
Bows           | 2 5 7 8 |  8.5
Dodging        | 4 7 8 |  8.3
Stealth        | |  1.5

Action                   |  1- 3 |  4- 6 |  7- 9 | 10-12 | 13-15 | 16-18 || total
-------------------------+-------+-------+-------+-------+-------+-------++-------
Melee: Hand axe          |    77 |    39 |    18 |       |       |       ||   134
       War axe           |       |    19 |    78 |       |       |       ||    97
       Broad axe         |       |       |    83 |    21 |       |       ||   104
       Battleaxe         |       |       |       |   421 |   690 |   724 ||  1835
 Fire: Shortbow          |       |    37 |    41 |     3 |       |       ||    81
       Longbow           |       |       |       |       |    23 |   115 ||   138
Throw: Throwing net      |       |     1 |     5 |     2 |       |       ||     8
       Dart              |       |       |     4 |     1 |       |       ||     5
Invok: Stomp             |       |       |       |       |     4 |     6 ||    10
       Grand Finale      |       |       |       |       |     1 |     2 ||     3
Evoke: Wand              |       |       |     7 |    10 |    11 |     5 ||    33
       Phantom mirror    |       |       |       |       |     1 |       ||     1
  Use: Scroll            |       |       |     5 |    10 |     9 |    16 ||    40
       Potion            |       |       |       |       |     5 |    17 ||    22
 Stab: Sleeping          |     2 |       |       |       |       |       ||     2
       Paralysed         |       |       |    10 |    46 |    87 |    82 ||   225
       Distracted        |       |       |     1 |       |       |       ||     1
       Held in net/web   |       |       |     2 |       |       |       ||     2
       Petrified         |       |       |       |       |     3 |       ||     3
       Invisible         |       |       |       |       |     6 |     3 ||     9
Armor: Robe              |     7 |       |       |       |       |       ||     7
       Ring mail         |    16 |    15 |    16 |       |       |       ||    47
       Plate armour      |       |       |    15 |       |       |       ||    15
       Chain mail        |       |       |    38 |   195 |   388 |   326 ||   947
Dodge: Dodged            |    43 |    25 |    69 |   191 |   389 |   346 ||  1063
Block: Buckler           |       |       |     9 |     3 |       |       ||    12
